 Dungeon Crawl Stone Soup version 0.27-a0-1196-g3e9cee4cb2 (webtiles) character file.

Game seed: 10859929336402750307

127 dolemite99 the Chopper (level 5, -2/45 HPs)
             Began as a Hill Orc Monk on May 30, 2021.
             Slain by a phantom (8 damage)
             ... on level 2 of the Dungeon.
             The game lasted 00:03:39 (3215 turns).

dolemite99 the Chopper (Hill Orc Monk)              Turns: 3215, Time: 00:03:39

Health: -2/45      AC:  2    Str: 13 (15) XL:     5   Next: 11%
Magic:  5/5        EV: 12    Int:  9 (10) God:
Gold:   72         SH:  0    Dex: 12 (13) Spells: 4/4 levels left

rFire    . . .     SeeInvis .   a - +0 hand axe
rCold    . . .     Faith    .   (no shield)
rNeg     . . .     Spirit   .   e - +0 robe
rPois    .         Reflect  .   (helmet restricted)
rElec    .         Harm     .   (no cloak)
rCorr    +         Rampage  .   (no gloves)
Will     .....                  (no boots)
Stlth    ++........             (no amulet)
HPRegen  0.15/turn              g - ring of resist corrosion
MPRegen  0.09/turn              (no ring)

@: no status effects
A: horns 1, talons 1, deterioration 1
a: no special abilities


You were on level 2 of the Dungeon.
You visited 1 branch of the dungeon, and saw 3 of its levels.

You collected 72 gold pieces.

Inventory:

Hand Weapons
 a - a +0 hand axe (weapon)
 b - a +2 short sword of venom
 h - a +1 short sword of venom
Missiles
 c - 82 stones
 n - 16 poisoned darts
 o - 28 bolts
 s - 4 javelins (quivered)
Armour
 d - a +0 ring mail
 e - a +0 robe (worn)
Jewellery
 g - a ring of resist corrosion (left hand)
 p - a +6 ring of dexterity
Scrolls
 i - 2 scrolls of magic mapping {unknown}
 j - 3 scrolls of identify {unknown}
 k - a scroll of teleportation {unknown}
 l - a scroll of enchant weapon {unknown}
 m - a scroll of summoning {unknown}
 r - a scroll of enchant armour {unknown}
Potions
 f - a potion of mutation


   Skills:
 - Level 3.6 Fighting
 + Level 7.5 Axes
 - Level 2.4 Dodging
 - Level 1.5 Stealth


You had 4 spell levels left.
You didn't know any spells.
Your spell library contained the following spells:

 Spells                   Type           Power      Damage    Failure   Level
 Animate Skeleton         Necr           0%         N/A       38%         1
 Apportation              Tloc           0%         N/A       38%         1
 Beastly Appendage        Tmut           0%         N/A       38%         1
 Corona                   Hex            0%         N/A       38%         1
 Summon Small Mammal      Summ           0%         N/A       38%         1
 Wereblood                Tmut           0%         N/A       52%         2
 Spider Form              Tmut/Pois      0%         N/A       77%         3
 Ice Form                 Ice/Tmut       0%         N/A       99%         4
 Hydra Form               Tmut           0%         N/A       100%        5


Dungeon Overview and Level Annotations

Branches:
Dungeon (3/15)

Altars:

Shops:
D:2 :


Innate Abilities, Weirdness & Mutations

You have a pair of small horns on your head.
You have sharp toenails.
Your body sometimes deteriorates upon taking damage.


Message History

Your body deteriorates!
You feel weakened. The phantom barely misses you. The phantom misses you.
The phantom hits you.
* * * LOW HITPOINT WARNING * * *
Your body deteriorates!
You feel weakened.
The phantom blinks!
You blink.
The phantom hits you!
* * * LOW HITPOINT WARNING * * *
The phantom blinks!
You blink.
You feel less invigorated.
You feel less confused. The phantom hits you.
* * * LOW HITPOINT WARNING * * *
The phantom blinks!
You blink.
You can't go up here!
The phantom closely misses you.
The phantom hits you but does no damage.
There is an escape hatch in the ceiling here.
You can't go up here!
You hit the phantom. Your kick misses the phantom.
The phantom is lightly damaged.
You hit the phantom.
The phantom is moderately damaged.
The phantom barely misses you.
You hit the phantom but do no damage. Your kick misses the phantom.
The phantom is moderately damaged.
The phantom hits you.
* * * LOW HITPOINT WARNING * * *
You closely miss the phantom. Your kick misses the phantom.
Your headbutt misses the phantom.
The phantom is moderately damaged.
The phantom closely misses you.
You hit the phantom.
The phantom is moderately damaged.
The phantom closely misses you.
You closely miss the phantom.
The phantom is moderately damaged.
The phantom hits you!
You die...

#..........#
########..........#
#####.....##..........#
...)..........>......##
#####.....#...........#
###.###...........# # #.#
#.......)...# ###### #.#
#...........######..... #.#
#.....@.....##.....#### #.#
#.#...W....##..#...# #
######.#
#.##......#......#.#
#....#.#
#.####.......#####.#
#....#.# #.####.##..### #.#
#....#.# #.##...##..### #.#
###.##.# #.##.#.......##
#.#
#....###......#####<.####.#
# ####...#..##)## ##.#....#


You could see a phantom.

Vanquished Creatures
  A wyvern skeleton (D:3)
  2 adders
  3 worms
  A ball python (D:1)
  7 endoplasms
  2 giant cockroaches
  4 goblins
  7 hobgoblins
  3 jackals (D:2)
  5 bats
  3 frilled lizards
  10 kobolds
  3 rats
51 creatures vanquished.

Notes
Turn   | Place    | Note
-------+----------+-------------------------------------------
     0 | D:1      | dolemite99 the Hill Orc Monk began the quest for the Orb.
     0 | D:1      | Reached XP level 1. HP: 19/19 MP: 1/1
   264 | D:1      | Reached XP level 2. HP: 23/26 MP: 2/2
   433 | D:1      | Reached skill level 5 in Axes
   864 | D:1      | Gained mutation: You have sharp toenails. [potion of
                  | mutation]
   864 | D:1      | Gained mutation: Your body sometimes deteriorates upon
                  | taking damage. [potion of mutation]
   864 | D:1      | Gained mutation: You have a pair of small horns on your
                  | head. [potion of mutation]
  1338 | D:2      | Reached XP level 3. HP: 29/31 MP: 3/3
  1441 | D:2      | Found Plog's Book Boutique.
  1498 | D:2      | Found a faded altar of an unknown god.
  1635 | D:2      | Reached skill level 6 in Axes
  2277 | D:2      | Reached XP level 4. HP: 36/39 MP: 4/4
  3165 | D:3      | Noticed a phantom
  3175 | D:3      | Reached skill level 7 in Axes
  3175 | D:3      | Reached XP level 5. HP: 12/45 MP: 5/5
  3215 | D:2      | Slain by a phantom

Illustrated notes

Levels and vault maps discovered:
D:1:      dpeg_arrival_pits, layout_basic
D:2:      layout_rooms, serial_shops, shop_statue, ebering_ecumenical_altar_mist
D:3:      layout_basic

Skill      XL: |  1  2  3  4 |
---------------+-------------+-----
Axes           | 5 6 7 |  7.5
Fighting       | |  3.6
Dodging        | |  2.4
Stealth        | |  1.5

Action                   |  1- 3 |  4- 6 || total
-------------------------+-------+-------++-------
Melee: Hand axe          |    47 |     6 ||    53
       Short sword       |    58 |    31 ||    89
       Kick              |    14 |     8 ||    22
       Headbutt          |     8 |     6 ||    14
Throw: Stone             |     6 |     3 ||     9
  Use: Potion            |     2 |     1 ||     3
 Stab: Sleeping          |     2 |     2 ||     4
Armor: Robe              |    18 |    19 ||    37
Dodge: Dodged            |    62 |    42 ||   104

Table legend: (Time is in decaauts)
 A = Elapsed time spent in this place.
 B = Non-inter-level travel time spent in this place.
 C = Inter-level travel time spent in this place.
 D = Time resting spent in this place.
 E = Time spent auto-exploring this place.
 F = Levels seen in this place.
 G = Mean time per level.
                   A        B        C        D        E       F      G
               +--------+--------+--------+--------+--------+-----+--------+
         Total |   3224 |   3171 |     53 |    879 |   1731 |   3 | 1074.7 |
       Dungeon |   3224 |   3171 |     53 |    879 |   1731 |   3 | 1074.7 |
               +--------+--------+--------+--------+--------+-----+--------+

Top non-repeatable levels by time:
     D:2: 1567 daAuts
     D:1: 1330 daAuts
     D:3: 327 daAuts
